 Dungeon Crawl Stone Soup version 0.25-a0-290-g4a1327ee3a (webtiles) character file.

Game seed: 8571232038815355672, levelgen mode: classic

111 Borgoz the Slasher (level 4, 0/39 HPs)
             Began as a Minotaur Gladiator on Dec 14, 2019.
             Slain by a water moccasin zombie (6 damage)
             ... on level 5 of the Dungeon.
             The game lasted 00:01:37 (1737 turns).

Borgoz the Slasher (Minotaur Gladiator)             Turns: 1737, Time: 00:01:38

Health: 0/39       AC:  3    Str: 18    XL:     4   Next: 62%
Magic:  3/3        EV: 13    Int:  5    God:
Gold:   140        SH:  0    Dex: 13    Spells: 3/3 levels left

rFire    . . .     SeeInvis .   a - +0 long sword
rCold    . . .     Gourm    +   (no shield)
rNeg     . . .     Faith    .   b - +0 leather armour
rPois    .         Spirit   .   c - +0 hat
rElec    .         Reflect  .   (no cloak)
rCorr    .         Harm     .   (no gloves)
MR       .....                  (no boots)
Stlth    +.........             m - amulet of the gourmand
HPRegen  0.13/turn              (no ring)
MPRegen  0.08/turn              (no ring)

@: no status effects
A: retaliatory headbutt, horns 2
a: no special abilities


You were on level 5 of the Dungeon.
You were completely stuffed.

You visited 1 branch of the dungeon, and saw 5 of its levels.

You collected 140 gold pieces.

Inventory:

Hand Weapons
 a - a +0 long sword (weapon)
Missiles
 d - 3 throwing nets (quivered)
Armour
 b - a +0 leather armour (worn)
 c - a +0 hat (worn)
Jewellery
 m - an amulet of the gourmand (around neck)
Scrolls
 g - 2 scrolls of immolation {unknown}
 i - 3 scrolls of remove curse {unknown}
 j - 2 scrolls of identify {unknown}
 k - a scroll of blinking {unknown}
 l - a scroll of fog {unknown}
 o - a scroll of teleportation {unknown}
 p - 2 scrolls of enchant armour {unknown}
 u - a scroll of fear {unknown}
Potions
 e - a potion of heal wounds {unknown}
 h - 2 potions of mutation {unknown}
 n - a potion of degeneration {unknown}
 q - a potion of brilliance {unknown}
 r - a potion of lignification {unknown}
 s - a potion of invisibility {unknown}
Comestibles
 f - 6 rations
 t - 3 chunks of flesh


   Skills:
 + Level 3.6 Fighting
 + Level 4.5 Long Blades
 - Level 2.0 Throwing
 + Level 2.3 Armour
 + Level 4.1 Dodging


You had 3 spell levels left.
You didn't know any spells.
Your spell library was empty.

Dungeon Overview and Level Annotations

Branches:
Dungeon (6/15)
 Temple: D:4-7

Altars:
Qazlal


Innate Abilities, Weirdness & Mutations

You reflexively headbutt those who attack you in melee.
You have a pair of horns on your head.


Message History

You riposte.
You hit the hound skeleton but do no damage.
The ogre hits you but does no damage. The water moccasin zombie bites you.
* * * LOW HITPOINT WARNING * * *
The hound skeleton bites you but does no damage.
You slash the ogre! Your headbutt misses the ogre.
The ogre is almost dead.
The water moccasin zombie barely misses you.
The hound skeleton barely misses you. You furiously retaliate!
You headbutt the hound skeleton.
You riposte.
You slash the hound skeleton! You headbutt the hound skeleton.
The hound skeleton is heavily damaged.
The ogre barely misses you. The water moccasin zombie bites you.
* * * LOW HITPOINT WARNING * * *
The hound skeleton bites you but does no damage.
You hit the ogre.
The ogre is almost dead.
The hound skeleton bites you but does no damage.
The water moccasin zombie bites you.
You die...

.#. #.... ..
####...... ##
#.##.........
...#............
..............
#.##............
..............).
#.....>Z.......
#.#....@O......
#....Z†..!...
...............
#.##...........#
. .............#
..(..........##
.............#
............##


You could see an ogre, a water moccasin zombie and a hound skeleton.

Vanquished Creatures
  5 adders
  An ooze (D:1)
  2 worms (D:2)
  2 dart slugs
  2 leopard geckos
  5 giant cockroaches
  5 goblins
  5 hobgoblins
  A quokka (D:2)
  9 bats
  5 frilled lizards
  5 kobolds
  4 rats
51 creatures vanquished.

Notes
Turn   | Place    | Note
-------+----------+-------------------------------------------
     0 | D:1      | Borgoz the Minotaur Gladiator began the quest for the Orb.
     0 | D:1      | Reached XP level 1. HP: 18/18 MP: 0/0
   193 | D:1      | Reached XP level 2. HP: 25/25 MP: 1/1
   248 | D:1      | Reached skill level 1 in Armour
   732 | D:2      | Reached XP level 3. HP: 26/31 MP: 2/2
  1186 | D:2      | Found a stormy altar of Qazlal.
  1189 | D:2      | Reached XP level 4. HP: 38/38 MP: 3/3
  1719 | D:3      | You fall into a shaft and drop 3 floors!
  1726 | D:5      | Entered Level 5 of the Dungeon
  1727 | D:5      | Noticed an ogre
  1737 | D:5      | Slain by a water moccasin zombie

Levels and vault maps discovered:
D:1:      dpeg_arrival_central, layout_basic, wad_floor_pattern_untrapped,
          minmay_indecisive_spiral
D:2:      layout_basic, old_standard_altar
D:3:      layout_basic, marbit_many_paths, first_ration
D:5:      layout_cave_pods, minmay_temple_entry_ruins, uniq_sigmund
D:6:      layout_rooms, gammafunk_ghost_gnarly_gnolls,
          kennysheep_cross_bottleneck, uniq_grinder

Skill      XL: |  1  2  3  4 |
---------------+-------------+-----
Armour         | 1 2 |  2.3
Long Blades    | 4 |  4.5
Fighting       | 3 |  3.6
Dodging        | 4 |  4.1
Throwing       | |  2.0

Action                   |  1- 3 |  4- 6 || total
-------------------------+-------+-------++-------
Melee: Long sword        |    53 |    37 ||    90
       Headbutt          |    13 |     7 ||    20
 Stab: Sleeping          |       |     1 ||     1
  Eat: Chunk             |     7 |     7 ||    14
Armor: Leather armour    |    17 |    11 ||    28
Dodge: Dodged            |    41 |    37 ||    78
       Rpst.: Long sword |     9 |    13 ||    22

Table legend:
 A = Non-vault XP
 B = Vault XP
 C = Vault XP percentage of total XP
 D = Non-vault monster count
 E = Vault monster count
 F = Vault count percentage of total count
                 A         B        C        D         E       F
            +---------+---------+-------+---------+---------+-------
      Total |     152 |       7 |   4.4 |      47 |       4 |   7.8
            +---------+---------+-------+---------+---------+-------
        D:1 |      28 |       7 |  20.0 |      13 |       4 |  23.5
        D:2 |      76 |       0 |   0.0 |      20 |       0 |   0.0
        D:3 |      47 |       0 |   0.0 |      13 |       0 |   0.0
        D:5 |       1 |       0 |   0.0 |       1 |       0 |   0.0
            +---------+---------+-------+---------+---------+-------
